 Dungeon Crawl Stone Soup version 0.29-a0-284-gf9362112df (webtiles) character file.

Game seed: 13180905381082930088

61 rabbitsville the Chopper (level 4, 0/33 (39) HPs)
             Began as a Hill Orc Monk on Mar 25, 2022.
             Slain by a goblin
             ... wielding the +7 spear of Destiny {drain, Drain Fragile rPois MP+9}
              (10 damage)
             ... on level 2 of the Dungeon.
             The game lasted 00:03:42 (2334 turns).

rabbitsville the Chopper (Hill Orc Monk)            Turns: 2334, Time: 00:03:42

HP:   0/33 (39)     AC:  2    Str: 15    XL:     4   Next: 7%
MP:   4/4           EV: 12    Int: 10    God:
Gold: 54            SH:  0    Dex: 13    Spells: 3/3 levels left

rFire   . . .      SeeInvis .   a - +0 hand axe
rCold   . . .      Faith    .   (no shield)
rNeg    . . .      Spirit   .   b - +0 robe
rPois   .          Reflect  .   (no helmet)
rElec   .          Harm     .   (no cloak)
rCorr   .          Rampage  .   (no gloves)
Will    .....                   (no boots)
Stlth   ++........              (no amulet)
HPRegen 0.11/turn               (no ring)
MPRegen 0.09/turn               (no ring)

@: heavily drained
A: no striking features
a: no special abilities


You were on level 2 of the Dungeon.
You visited 1 branch of the dungeon, and saw 2 of its levels.

You collected 54 gold pieces.

Inventory:

Hand Weapons
 a - a +0 hand axe (weapon)
Armour
 b - a +0 robe (worn)
Scrolls
 d - a scroll of brand weapon {unknown}
 e - a scroll of enchant weapon {unknown}
 g - a scroll of identify {unknown}
 h - a scroll of teleportation {unknown}
Potions
 c - a potion of ambrosia
 f - a potion of heal wounds {unknown}


   Skills:
 - Level 3.6 Fighting
 * Level 6.4 Axes
 - Level 2.4 Dodging
 - Level 1.5 Stealth


You had 3 spell levels left.
You didn't know any spells.
Your spell library was empty.

Dungeon Overview and Level Annotations

Branches:
Dungeon (2/15)

Altars:


Message History

You slash the bat!
You kill the bat!
The goblin hits you from afar with the +7 spear of Destiny {drain, Drain Fragile rPois MP+9}.
You feel drained.
You slash the rat!
You kill the rat!
The goblin hits you from afar with the +7 spear of Destiny {drain, Drain Fragile rPois MP+9}.
You feel drained.
You are too injured to fight recklessly!
You are too injured to fight recklessly!
You are too injured to fight recklessly!
You are too injured to fight recklessly!
You are too injured to fight recklessly!
You are too injured to fight recklessly!
You are too injured to fight recklessly!
You are too injured to fight recklessly!
You are too injured to fight recklessly!
You are too injured to fight recklessly!
You are too injured to fight recklessly!
You are too injured to fight recklessly!
You are too injured to fight recklessly!
You are too injured to fight recklessly!
You are too injured to fight recklessly!
You are too injured to fight recklessly!
You are too injured to fight recklessly!
You are too injured to fight recklessly!
You are too injured to fight recklessly!
The goblin closely misses you.
You hit the goblin.
The goblin is heavily wounded.
The goblin hits you with the +7 spear of Destiny {drain, Drain Fragile rPois MP+9}.
You feel drained.
* * * LOW HITPOINT WARNING * * *
You barely miss the goblin.
The goblin is heavily wounded.
The goblin hits you but does no damage.
You feel drained.
You closely miss the goblin.
The goblin is heavily wounded.
The goblin hits you with the +7 spear of Destiny {drain, Drain Fragile rPois MP+9}!
You die...

#.#..# #)##.# #######.##.##
#.......##..#####
#...............### # ###
#.......###.###...#### #. ..#
#....##.# #..........###.# #.##
#....##.# ##...g..........##...
#....##.# #..@..<.............
#....##.####†...###....$..).r..
#....##......#..........###..<.
###.##.......................S.
#####)##.#.....####.....#..#..g##
.........#.....# ###.^##......
#######..####### . ######.# ##..#
. .. #..# ####. ..


You could see a goblin.

Vanquished Creatures
  2 adders (D:2)
  A worm (D:2)
  2 dart slugs (D:1)
  3 bats
  5 endoplasms
  2 giant cockroaches
  A hobgoblin (D:2)
  2 quokkas (D:1)
  3 ball pythons (D:1)
  2 frilled lizards (D:1)
  2 goblins
  8 kobolds
  4 rats
37 creatures vanquished.

Notes
Turn   | Place    | Note
-------+----------+-------------------------------------------
     0 | D:1      | rabbitsville the Hill Orc Monk began the quest for the Orb.
     0 | D:1      | Reached XP level 1. HP: 19/19 MP: 1/1
   284 | D:1      | Reached XP level 2. HP: 23/26 MP: 2/2
   594 | D:1      | Reached skill level 5 in Axes
  1251 | D:1      | Reached XP level 3. HP: 30/31 MP: 3/3
  1683 | D:2      | Reached skill level 6 in Axes
  2038 | D:2      | Reached XP level 4. HP: 24/39 MP: 4/4
  2318 | D:2      | Identified the +7 spear of Destiny {drain, Drain Fragile
                  | rPois MP+9}
  2334 | D:2      | Slain by a goblin

Illustrated notes

Levels and vault maps discovered:
D:1:      onia_arrival_mini_spirals, layout_loops_corners
D:2:      layout_rooms, serial_curves, eino_curves_04, eino_curves_03,
          basic_altar

Skill      XL: |  1  2  3 |
---------------+----------+-----
Axes           | 5 6 |  6.4
Fighting       | |  3.6
Dodging        | |  2.4
Stealth        | |  1.5

Action                   |  1- 3 |  4- 6 || total
-------------------------+-------+-------++-------
Melee: Hand axe          |   125 |    21 ||   146
       Punch             |       |     1 ||     1
 Stab: Sleeping          |     3 |       ||     3
Armor: Robe              |    25 |     6 ||    31
Dodge: Dodged            |    94 |    22 ||   116

Table legend: (Time is in decaauts)
 A = Elapsed time spent in this place.
 B = Non-inter-level travel time spent in this place.
 C = Inter-level travel time spent in this place.
 D = Time resting spent in this place.
 E = Time spent auto-exploring this place.
 F = Levels seen in this place.
 G = Mean time per level.
                   A        B        C        D        E       F      G
               +--------+--------+--------+--------+--------+-----+--------+
         Total |   2339 |   2242 |     97 |    214 |   1543 |   2 | 1169.5 |
       Dungeon |   2339 |   2242 |     97 |    214 |   1543 |   2 | 1169.5 |
               +--------+--------+--------+--------+--------+-----+--------+

Top non-repeatable levels by time:
     D:1: 1369 daAuts
     D:2: 969 daAuts
